 Dungeon Crawl Stone Soup version 0.18-a0-1718-g40ea4b6 (webtiles) character file.

81 freezoidberger the Chiller (level 4, -3/30 HPs)
             Began as a Human Ice Elementalist on Apr 7, 2016.
             Slain by stupendous's ghost (10 damage)
             ... on level 3 of the Dungeon on Apr 8, 2016.
             The game lasted 04:12:33 (3316 turns).

freezoidberger the Chiller (Human Ice Elementalist) Turns: 3316, Time: 04:12:34

Health: -3/30      AC:  2    Str:  8    XL:     4   Next: 68%
Magic:  5/7        EV:  7    Int: 16    God:
Gold:   83         SH:  0    Dex: 14    Spells: 3 memorised, 1 level left

rFire  . . .     SeeInvis .     p - +0 long sword (flame)
rCold  . . .     Gourm    .     a - +0 robe
rNeg   . . .     Faith    .     (no shield)
rPois  .         Spirit   .     (no helmet)
rElec  .         Dismiss  .     (no cloak)
rCorr  .         Reflect  .     (no gloves)
SustAt .         Harm     .     (no boots)
MR     .....                    (no amulet)
Stlth  ++........               (no ring)
                                (no ring)

@: not resistant to hostile enchantments, unstealthy
A: no striking features
a: no special abilities


You were on level 3 of the Dungeon.
You were not hungry.

You visited 1 branch of the dungeon, and saw 4 of its levels.

You collected 83 gold pieces.

Inventory:

Hand Weapons
 n - a +1 dagger of venom
 p - a +0 long sword of flaming (weapon)
Missiles
 i - 32 poisoned needles
Armour
 a - a +0 robe (worn)
Scrolls
 g - 2 scrolls of blinking {unknown}
 j - a scroll of identify
Potions
 d - a potion of invisibility {unknown}
 e - a potion of degeneration {unknown}
 k - a potion of heal wounds {unknown}
 l - 2 potions of curing {unknown}
 m - a potion of haste {unknown}
 q - 3 potions of magic {unknown}
Books
 b - a book of Frost

   Spells                             Type                      Level
   a - Freeze                         Ice                          1
   b - Throw Frost                    Conjuration/Ice              2
   c - Ozocubu's Armour               Charms/Ice                   3
   d - Throw Icicle                   Conjuration/Ice              4
   e - Summon Ice Beast               Ice/Summoning                4
Comestibles
 c - a bread ration
 f - 4 fruits
 o - a meat ration


   Skills:
 - Level 2.0 Dodging
 - Level 2.0 Stealth
 - Level 2.0 Spellcasting
 - Level 1.0 Conjurations
 + Level 5.1 Ice Magic


You had one spell level left.
You knew the following spells:

 Your Spells              Type           Power        Failure   Level  Hunger
a - Freeze                Ice            ###.         2%          1    #......
b - Throw Frost           Conj/Ice       ##....       10%         2    ###....
c - Ozocubu's Armour      Chrm/Ice       #.......     21%         3    ###....


Dungeon Overview and Level Annotations

Branches:
Dungeon (4/15)
 Temple: D:4-7

Altars:
Nemelex Xobeh
Ru

Annotations:
D:3 stupendous's ghost, amateur FoFi
D:4 Sigmund


Message History

Aim: stupendous's ghost (lightly damaged)
You freeze stupendous's ghost.
Stupendous's ghost is moderately damaged.
Stupendous's ghost hits you!
Casting: Freeze
Confirm with . or Enter, or press ? or * to list all spells.
Aiming: Freeze
Press: ? - help, Shift-Dir - straight line, f/p - stupendous's ghost
Aim: stupendous's ghost (moderately damaged)
You freeze stupendous's ghost.
Stupendous's ghost is heavily damaged.
Stupendous's ghost hits you!
* * * LOW HITPOINT WARNING * * *
An orc comes into view. It is wielding a club.
Stupendous's ghost lets out a mournful wail.
A hobgoblin comes into view. It is wielding a club.
The hobgoblin shouts!
There is an escape hatch in the ceiling here.
Stupendous's ghost hits you!
You die...

#..# #..#####.<....#
#.>### ##.# ########
#....# #o# #.##.#
##.########
##.##)####..g......#
.........#.........#
...................#
...............W...#
................@..#
........[..........#
.............[.....#
...................#
.........###########
.....>..## ..#######
###


You could see stupendous's ghost, an orc and a hobgoblin.

Vanquished Creatures
  2 adders (D:2)
  A worm (D:2)
  2 dart slugs
  2 orcs (D:3)
  6 giant cockroaches
  8 hobgoblins
  2 jackals (D:3)
  2 quokkas (D:3)
  6 bats
  3 giant newts
  9 goblins
  2 kobolds (D:1)
  5 rats
50 creatures vanquished.

Notes
Turn   | Place    | Note
--------------------------------------------------------------
     0 | D:1      | freezoidberger the Human Ice Elementalist began the quest for the Orb.
     0 | D:1      | Reached XP level 1. HP: 13/13 MP: 3/3
   268 | D:1      | Reached XP level 2. HP: 19/19 MP: 3/5
   895 | D:1      | Reached skill level 4 in Ice Magic
   895 | D:1      | Reached XP level 3. HP: 24/24 MP: 4/6
  1702 | D:2      | Reached XP level 4. HP: 28/30 MP: 4/7
  1768 | D:3      | Learned a level 2 spell: Throw Frost
  1776 | D:3      | Learned a level 3 spell: Ozocubu's Armour
  2078 | D:3      | Noticed stupendous's ghost (amateur FoFi)
  2242 | D:4      | Found a sparkling altar of Nemelex Xobeh.
  2275 | D:4      | Noticed Sigmund
  2870 | D:2      | Reached skill level 5 in Ice Magic
  3216 | D:3      | Found a sacrificial altar of Ru.
  3316 | D:3      | Slain by stupendous's ghost

Vault maps used:
D:1:      dpeg_arrival_renting
D:3:      marbit_many_paths, minmay_misc_feat_square,
          grunt_dithmenos_smoke_and_mirrors
D:4:      cheibrodos_ashenzari_chains, nemelex_xobeh_ov_fountains_minmay,
          uniq_sigmund

Skill      XL: |  1  2  3  4 |
---------------+-------------+-----
Ice Magic      | 4 5 |  5.1
Dodging        | |  2.0
Stealth        | |  2.0
Spellcasting   | |  2.0
Conjurations   | |  1.0

Action                   |  1- 3 |  4- 6 || total
-------------------------+-------+-------++-------
Melee: Long sword        |       |    22 ||    22
       Dagger            |       |     1 ||     1
 Cast: Freeze            |    47 |    20 ||    67
       Throw Frost       |       |    10 ||    10
  Use: Scroll            |       |     6 ||     6
 Stab: Sleeping          |       |     1 ||     1
  Eat: Chunk             |     3 |     6 ||     9
